 Dungeon Crawl Stone Soup version 0.30.0-5-g1a98f26d00 (webtiles) character file.

Game seed: 15706172134757329485

9167 Kranky the Grappler (level 11, 0/111 HPs)
             Began as a Troll Fighter on May 12, 2023.
             Was a Priest of Wu Jian.
             Slain by Snorg (9 damage)
             ... on level 10 of the Dungeon.
             The game lasted 00:20:21 (7385 turns).

Kranky the Grappler (Troll Fighter)                 Turns: 7385, Time: 00:20:22

Health: 0/111      AC: 10    Str: 26    XL:     11   Next: 19%
Magic:  10/10      EV: 10    Int:  8    God:    Wu Jian [***...]
Gold:   571        SH: 15    Dex:  9    Spells: 10/10 levels left

rFire   + .          .
                       - Unarmed
rCold   . . .        b - +0 kite shield
rNeg    . . .        J - +2 robe {Will+}
rPois   .            (helmet restricted)
rElec   .            t - scarf {shadows}
rCorr   .            (gloves unavailable)
SInv    .            (boots unavailable)
Will    +....        m - amulet of reflection
Stlth   +            n - +4 ring of protection
HPRegen 1.18/turn    q - ring of protection from fire
MPRegen 0.12/turn

%: reflection
@: no status effects
A: large, unfitting armour, claws 3, regeneration 1, shaggy fur 1, tough skin 1
a: Renounce Religion, Wall Jump, Serpent's Lash


You were on level 10 of the Dungeon.
You worshipped Wu Jian.
Wu Jian was most pleased with you.
You visited 2 branches of the dungeon, and saw 11 of its levels.

You collected 604 gold pieces.
You spent 33 gold pieces at shops.

Inventory:

Missiles
 u - a throwing net (quivered)
Armour
 b - a +0 kite shield (worn)
 t - a scarf of shadows (worn)
 A - a +1 robe of fire resistance
 J - a +2 robe of willpower (worn)
Jewellery
 m - an amulet of reflection (around neck)
 n - a +4 ring of protection (left claw)
 q - a ring of protection from fire (right claw)
 B - an amulet of magic regeneration
 D - a ring of ice
 I - a ring of magical power
 K - a ring of wizardry
Wands
 k - a wand of quicksilver (3)
 y - a wand of flame (8)
 H - a wand of charming (5)
Scrolls
 e - 2 scrolls of fear
 h - a scroll of blinking
 i - 3 scrolls of teleportation
 l - 2 scrolls of poison
 o - a scroll of magic mapping
 r - a scroll of immolation
 w - 2 scrolls of noise
 x - 2 scrolls of fog
Potions
 a - a potion of attraction {unknown}
 c - 5 potions of might
 d - 9 potions of curing
 f - 2 potions of heal wounds
 j - 3 potions of cancellation
 p - a potion of ambrosia {unknown}
 v - 5 potions of resistance
 z - 3 potions of flight
 C - a potion of brilliance
 E - a potion of berserk rage {unknown}
 F - a potion of degeneration {unknown}
 L - a potion of lignification {unknown}
 M - a potion of magic {unknown}
 N - a potion of haste


   Skills:
 + Level 8.1 Fighting
 + Level 7.1 Dodging
 + Level 8.8 Shields
 + Level 9.4 Unarmed Combat


You had 10 spell levels left.
You didn't know any spells.
Your spell library contained the following spells:

 Spells                   Type           Power      Damage    Failure   Level
 Magic Dart               Conj           0%         1d3       58%         1
 Call Imp                 Summ           0%         N/A       75%         2
 Call Canine Familiar     Summ           0%         N/A       92%         3
 Mephitic Cloud           Conj/Pois/Air  0%         N/A       92%         3
 Portal Projectile        Hex/Tloc       0%         N/A       92%         3
 Volatile Blastmotes      Fire/Tloc      0%         2d10      92%         3
 Cause Fear               Hex            0%         N/A       100%        4
 Fulminant Prism          Conj/Hex       0%         3d5       100%        4
 Iskenderun's Mystic Bla  Conj/Tloc      0%         2d3       100%        4
 Leda's Liquefaction      Hex/Erth       0%         N/A       100%        4
 Lee's Rapid Deconstruct  Erth           0%         3d4*      100%        5
 Dragon Form              Tmut           0%         N/A       100%        7
 Dragon's Call            Summ           0%         N/A       100%        9


Dungeon Overview and Level Annotations

Branches:
Dungeon (10/15)            Temple (0/1) D:6            Lair (1/5) D:8
    Orc: D:9-12

Altars:
Ashenzari
Cheibriados
Elyvilon
Fedhas
Gozag
Hepliaklqana
Makhleb
Okawaru
Qazlal
Sif Muna
Uskayaw
Wu Jian
Xom
Yredelemnul
The Shining One

Shops:
D:3 :   D:4 *

Annotations:
D:10 Snorg


Innate Abilities, Weirdness & Mutations

You are too large for most types of armour.
You have claws for hands.
Your natural rate of healing is unusually fast.
You are covered in fur. (AC +1)
You have tough skin. (AC +1)


Message History

Snorg bites you! You block Snorg's attack. Snorg claws you but does no damage.
Snorg barely misses you. x2; Snorg claws you but does no damage.
You barely miss Snorg.
Snorg is lightly wounded.
Snorg bites you! Snorg barely misses you. Snorg claws you!
You block the orc's attack.
Snorg rages.
A troll comes into view.
You are too injured to fight recklessly!
You are too injured to fight recklessly!
You are too injured to fight recklessly!
You are too injured to fight recklessly!
You are too injured to fight recklessly!
You mangle Snorg!!
Snorg is moderately wounded.
Snorg misses you. You block Snorg's attack. Snorg claws you but does no damage.
Snorg barely misses you. You block Snorg's attack. Snorg claws you.
The orc priest mumbles some strange prayers to Beogh against you.
Beogh smites you!
* * * LOW HITPOINT WARNING * * *
Snorg attacks as you move away! Snorg barely misses you. Snorg claws you.
* * * LOW HITPOINT WARNING * * *
Snorg claws you!
* * * LOW HITPOINT WARNING * * *
Snorg bites you!
* * * LOW HITPOINT WARNING * * *
You block Snorg's attack. Snorg closely misses you.
You feel much better. Snorg bites you but does no damage.
You block Snorg's attack. x2
You block Snorg's attack. Snorg claws you!
* * * LOW HITPOINT WARNING * * *
You block Snorg's attack.
The orc priest mumbles some strange prayers to Beogh against you.
Beogh smites you!
* * * LOW HITPOINT WARNING * * *
The orc priest looks satisfied for a moment.
Snorg bites you.
* * * LOW HITPOINT WARNING * * *
Snorg claws you!
You die...

#..... ......
...... #....
#... #######
#...####.o...#
#..[.oo..o...##
#####
#....T#####T..#
###...##
#....## #@..#
#..###.##
#...## #...#
##.## ##.# #...
##.## #..# ###
##.# #.# #..#
## ##.## #..#
#...# #..#
#..<## #..#
#....## #..#
...##...###..#


You could see Snorg (berserk) and an orc.

Vanquished Creatures
  A death yak (D:8)
  A two-headed ogre (D:9)
  An ugly thing (D:8)
  A torpor snail (Lair:1)
  A troll (D:9)
  Grinder (D:5)
  2 wyverns (D:8)
  10 yaks
  Eustachio (D:4)
  A basilisk (D:8)
  Edmund (D:6)
  2 acid dragons
  7 water moccasins
  3 orc warriors
  An ice beast (D:7)
  A sky beast (D:7)
  2 ogres
  2 centaurs
  Blork the orc (D:4)
  4 kobold brigands
  5 bullfrogs
  2 scorpions (D:6)
  18 wights
  A howler monkey (D:7)
  An orc priest (D:8)
  2 gnoll boudas
  2 jellies (D:6)
  9 hounds
  2 sleepcaps
  Natasha (thrice) (D:4)
  5 iguanas
  10 orc wizards
  A mummy (D:9)
  Robin (D:2)
  8 gnolls
  6 adders
  3 shadow imps
  4 white imps
  An ufetubus (D:7)
  6 worms
  5 dart slugs
  46 orcs
  5 ball pythons
  12 bats
  3 endoplasms
  2 giant cockroaches
  13 hobgoblins
  12 jackals
  37 kobolds
  3 quokkas
  3 frilled lizards
  18 goblins
  7 rats
300 creatures vanquished.

Notes
Turn   | Place    | Note
-------+----------+-------------------------------------------
     0 | D:1      | Kranky the Troll Fighter began the quest for the Orb.
     0 | D:1      | Reached XP level 1. HP: 22/22 MP: 0/0
    73 | D:1      | Reached XP level 2. HP: 29/29 MP: 1/1
   301 | D:1      | Reached XP level 3. HP: 36/36 MP: 2/2
   851 | D:2      | Found a faded altar of an unknown god.
   866 | D:2      | Noticed Robin
   890 | D:2      | Reached skill level 3 in Unarmed Combat
   890 | D:2      | Reached XP level 4. HP: 44/45 MP: 3/3
   896 | D:2      | Killed Robin
   992 | D:2      | You fall into a shaft and drop 2 floors!
   993 | D:4      | Noticed Blork the orc
  1010 | D:4      | Killed Blork the orc
  1011 | D:4      | Reached XP level 5. HP: 34/53 MP: 4/4
  1028 | D:4      | Noticed Eustachio
  1060 | D:4      | Killed Eustachio
  1061 | D:4      | Reached skill level 4 in Unarmed Combat
  1061 | D:4      | Reached XP level 6. HP: 47/62 MP: 5/5
  1091 | D:4      | Noticed Natasha
  1107 | D:4      | Killed Natasha
  1129 | D:4      | Found a blossoming altar of Fedhas.
  1190 | D:4      | Found Ciaricof's General Store.
  1221 | D:4      | Bought a potion of curing for 33 gold pieces
  1260 | D:4      | Noticed Natasha
  1267 | D:4      | Killed Natasha
  1323 | D:4      | Noticed Natasha
  1327 | D:4      | Killed Natasha
  1391 | D:4      | Identified the +1 robe of Gozag's Reproof {*Corrode rN+
                  | Int+4}
  1417 | D:4      | Reached XP level 7. HP: 70/70 MP: 6/6
  1578 | D:4      | Found an iron altar of Okawaru.
  1889 | D:3      | Found Cimuzxe's Book Shop.
  2049 | D:3      | Found a shimmering altar of Xom.
  2253 | D:3      | Found a stormy altar of Qazlal.
  2272 | D:3      | Found a glowing golden altar of the Shining One.
  2486 | D:2      | Found a basalt altar of Yredelemnul.
  2844 | D:5      | Entered Level 5 of the Dungeon
  2881 | D:4      | Reached skill level 5 in Unarmed Combat
  2988 | D:4      | Reached skill level 5 in Shields
  3125 | D:5      | Reached XP level 8. HP: 79/79 MP: 7/7
  3133 | D:5      | Found a white marble altar of Elyvilon.
  3220 | D:5      | Found an ornate altar of the Wu Jian Council.
  3220 | D:5      | Noticed Grinder
  3220 | D:5      | Paralysed by Grinder for 3 turns
  3230 | D:5      | Paralysed by Grinder for 3 turns
  3263 | D:5      | Killed Grinder
  3264 | D:5      | Reached skill level 5 in Fighting
  3322 | D:5      | Became a worshipper of the Wu Jian Council
  3425 | D:5      | Reached skill level 6 in Unarmed Combat
  3708 | D:6      | Found an opulent altar of Gozag.
  3836 | D:6      | Found a staircase to the Ecumenical Temple.
  3913 | D:6      | Found a hazy altar of Hepliaklqana.
  4060 | D:6      | Noticed Edmund
  4090 | D:6      | Killed Edmund
  4091 | D:6      | Reached XP level 9. HP: 34/89 MP: 8/8
  4502 | D:7      | Reached * piety under Wu Jian
  4614 | D:7      | Identified the +5 leather armour of Teries {Regen+ Int+3
                  | Dex-4}
  4637 | D:7      | Found a hide-covered altar of Uskayaw.
  4810 | D:7      | Found a large runed translucent door.
  4811 | D:7      | Found a large runed translucent door.
  5015 | D:7      | Reached skill level 7 in Unarmed Combat
  5171 | D:7      | Found a shimmering blue altar of Sif Muna.
  5175 | D:7      | Found a burning altar of Makhleb.
  5215 | D:8      | Reached skill level 5 in Dodging
  5215 | D:8      | Reached ** piety under Wu Jian
  5355 | D:8      | Reached XP level 10. HP: 43/100 MP: 9/9
  5481 | D:8      | Found a staircase to the Lair.
  5498 | D:8      | Reached skill level 8 in Unarmed Combat
  5747 | D:8      | Noticed a brown ugly thing
  5756 | D:8      | Killed a brown ugly thing
  5866 | D:8      | Found a broken altar of Ashenzari.
  6211 | Lair:1   | Entered Level 1 of the Lair of Beasts
  6211 | Lair:1   | Noticed a torpor snail
  6211 | Lair:1   | Noticed a death yak
  6229 | D:8      | Killed a death yak
  6273 | Lair:1   | Killed a torpor snail
  6380 | Lair:1   | Noticed a cane toad
  6458 | D:9      | Reached *** piety under Wu Jian
  6564 | D:9      | Reached skill level 9 in Unarmed Combat
  6643 | D:9      | Noticed a two-headed ogre
  6650 | D:9      | Reached XP level 11. HP: 51/111 MP: 10/10
  6653 | D:9      | Killed a two-headed ogre
  6979 | D:9      | Found a snail-covered altar of Cheibriados.
  7292 | D:10     | Entered Level 10 of the Dungeon
  7364 | D:10     | Noticed Snorg
  7381 | D:10     | HP: 4/111 [Snorg (10)]
  7385 | D:10     | Slain by Snorg

Illustrated notes

Levels and vault maps discovered:
D:1:      scummos_arrival_simple_crosswalls, layout_loops_ring
D:2:      layout_basic, basic_altar, hellmonk_ecumenical_altar_crossroads,
          minmay_tripent, uniq_robin
D:3:      layout_loops_ring, nicolae_qazlal_scattered_showers,
          amcnicky_altar_gilded, mainiacjoe_overflow_24_doors, serial_shops,
          shop, st_stairs_10, glass_columns_b
D:4:      layout_rooms, lemuel_round_altar, okawaru_altar_gauntlet_db,
          serial_shops, nicolae_shop_advertising_works
          [nicolae_subvault_shop_adworks], uniq_blork_the_orc, uniq_natasha,
          uniq_eustachio
D:5:      layout_cave_pools, elyvilon_altar_1, mainiacjoe_overflow_brackets,
          uniq_grinder
D:6:      layout_basic, grunt_gozag_breadcrumbs, overflow_temple_1_default,
          temple_fountains, nrook_mini_backslash,
          nicolae_concentric_dashed_squares_wild,
          chequers_serial_rivers_micro_b, uniq_edmund
D:7:      layout_cave_pools, jmf_multi_god_temple2, overflow_temple_1_default,
          minivault_27
D:8:      layout_loops_cross, mainiacjoe_overflow_tiny_flanked,
          minmay_lair_entry_grove
D:9:      layout_loops_ring, chei_slow_surprise
D:10:     layout_layer_cave, uniq_snorg
Lair:1:   layout_cave_pods, ebering_ghost_funeral_grove, uniq_prince_ribbit2

Skill      XL: |  1  2  3  4  5  6  7  8  9 10 11 |
---------------+----------------------------------+-----
Shields        | 3 4 5 6 7 8 |  8.8
Fighting       | 3 4 5 6 7 8 |  8.1
Unarmed Combat | 3 4 5 6 7 9 |  9.4
Dodging        | 3 4 5 6 7 |  7.1

Action                     |  1- 3 |  4- 6 |  7- 9 | 10-12 || total
---------------------------+-------+-------+-------+-------++-------
  Melee: Unarmed           |   157 |    92 |   513 |   299 ||  1061
  Throw: Throwing net      |       |       |     1 |       ||     1
Ability: Lunge             |       |       |     5 |    18 ||    23
    Use: Scroll            |       |       |     5 |     8 ||    13
         Potion            |       |       |       |     1 ||     1
   Stab: Distracted        |       |       |     1 |       ||     1
 Armour: Robe              |    66 |    18 |   187 |    48 ||   319
  Dodge: Dodged            |    44 |    32 |   146 |    63 ||   285
  Block: Kite shield       |    86 |    34 |   385 |   163 ||   668
         Reflection        |       |     2 |     7 |     7 ||    16
